 Dungeon Crawl Stone Soup version 0.21-a0-265-gb353147 (webtiles) character file.

93 Monsterracer the Covered (level 4, -10/42 HPs)
             Began as a Deep Dwarf Fighter on Sept 12, 2017.
             Mangled by an ogre
             ... wielding a cursed -1 giant club
              (11 damage)
             ... on level 3 of the Dungeon.
             The game lasted 00:01:42 (1575 turns).

Monsterracer the Covered (Deep Dwarf Fighter)       Turns: 1575, Time: 00:01:42

Health: -10/42     AC:  7    Str: 21    XL:     4   Next: 36%
Magic:  3/3        EV:  9    Int:  8    God:
Gold:   79         SH:  9    Dex: 12    Spells: 3/3 levels left

rFire    . . .     SeeInvis .   a - +0 war axe
rCold    . . .     Gourm    .   c - +0 shield
rNeg     . . .     Faith    .   b - +0 scale mail
rPois    .         Spirit   .   (no helmet)
rElec    .         Reflect  .   (no cloak)
rCorr    .         Harm     .   (no gloves)
MR       .....                  (no boots)
Stlth    ..........             (no amulet)
HPRegen  0.00/turn              i - +1 ring of evasion
MPRegen  0.08/turn              (no ring)

@: non-regenerating
A: damage resistance, heal wounds, sense surroundings 1, no regeneration
a: Heal Wounds


You were on level 3 of the Dungeon.
You were not hungry.

You visited 1 branch of the dungeon, and saw 3 of its levels.

You collected 79 gold pieces.

Inventory:

Hand Weapons
 a - a +0 war axe (weapon)
Armour
 b - a +0 scale mail (worn)
 c - a +0 shield (worn)
Jewellery
 i - a +1 ring of evasion (left hand)
Wands
 j - a wand of digging (7/24)
 k - a wand of paralysis (21/24)
Scrolls
 e - a scroll of identify
 l - a scroll of amnesia {unknown}
Potions
 d - a potion of might
Comestibles
 f - a bread ration
 g - a royal jelly
 h - a meat ration


   Skills:
 * Level 3.5 Fighting
 * Level 3.0 Axes
 + Level 3.8 Armour
 + Level 1.4 Dodging
 + Level 3.5 Shields


You had 3 spell levels left.
You didn't know any spells.

Dungeon Overview and Level Annotations

Branches:
Dungeon (3/15)

Altars:
Hepliaklqana
Ru
Trog
Xom


Innate Abilities, Weirdness & Mutations

You are resistant to damage.
You can heal yourself by infusing magical energy.
You passively map a small area around you.
You do not regenerate.


Message History

You block the ogre's attack.
You completely miss the ogre.
The ogre is moderately wounded.
The ogre barely misses you.
Unknown command.
You hit the ogre.
The ogre is heavily wounded.
You block the ogre's attack.
Your shield and scale mail prevent you from hitting the ogre.
The ogre is heavily wounded.
You block the ogre's attack.
You barely miss the ogre.
The ogre is heavily wounded.
The ogre hits you but does no damage. The ogre hits you with a giant club!!
* * * LOW HITPOINT WARNING * * *
Huge Dmg: -45%(-19hp) hp: 3%(1hp)
You hit the ogre.
The ogre is heavily wounded.
The ogre hits you with a giant club!
You die...

* , , , , , ,
,........, * , .##
......, . ....
.....## .#
.........##.....#...
, ..................
, ................
,, ,* ,......
#...O.# * ,
....###...@.#, ,,
#....#.(...#* ..
#....#.....# ** ,
....#...<......# ,
,.......).......# ,
...............# ,
#..............#, ,
, .....#.........# ,
.....#.........# , ,


You could see an ogre.

Vanquished Creatures
  An orc priest (D:3)
  2 adders (D:2)
  2 worms
  A dart slug (D:2)
  2 leopard geckos (D:1)
  3 orcs
  3 goblins
  3 hobgoblins
  3 kobolds (D:1)
  8 bats
  2 frilled lizards
  3 rats
33 creatures vanquished.

Notes
Turn   | Place    | Note
-------+----------+-------------------------------------------
     0 | D:1      | Monsterracer the Deep Dwarf Fighter began the quest for the Orb.
     0 | D:1      | Reached XP level 1. HP: 20/20 MP: 1/1
   269 | D:1      | Reached XP level 2. HP: 25/27 MP: 2/2
   978 | D:2      | Found a bloodstained altar of Trog.
  1029 | D:2      | Found a hazy altar of Hepliaklqana.
  1031 | D:2      | Found a burning altar of Makhleb.
  1031 | D:2      | Found a sacrificial altar of Ru.
  1033 | D:2      | Found a bloodstained altar of Trog.
  1033 | D:2      | Found a shimmering altar of Xom.
  1033 | D:2      | Found a shimmering altar of Xom.
  1069 | D:2      | Reached skill level 1 in Dodging
  1087 | D:2      | Reached XP level 3. HP: 26/34 MP: 3/3
  1525 | D:3      | HP: 12/34 [orc priest/divine providence (12)]
  1539 | D:3      | HP: 3/34 [orc/flail (7)]
  1544 | D:3      | Reached XP level 4. HP: 37/42 MP: 3/3
  1560 | D:3      | Noticed an ogre
  1566 | D:3      | HP: 20/42 [ogre/giant club (12)]
  1574 | D:3      | HP: 1/42 [ogre/giant club (19)]
  1575 | D:3      | Mangled by an ogre

Vault maps used:
D:1:      ncdulo_watergridlock
D:2:      doesnt_xom_only_xom, lemuel_coloured_pillars_altar

Skill      XL: |  1  2  3 |
---------------+----------+-----
Fighting       | 3 |  3.5
Dodging        | 1 |  1.4
Axes           | 3 |  3.0
Armour         | |  3.8
Shields        | |  3.5

Action                   |  1- 3 |  4- 6 || total
-------------------------+-------+-------++-------
Melee: War axe           |   104 |    16 ||   120
 Abil: Heal Wounds       |     1 |       ||     1
  Use: Scroll            |     3 |       ||     3
  Eat: Chunk             |     2 |       ||     2
Armor: Scale mail        |    45 |     1 ||    46
Dodge: Dodged            |    39 |     6 ||    45
Block: Shield            |    57 |     6 ||    63

Table legend:
 A = Spawn XP
 B = Non-spawn XP
 C = Spawn XP percentage of total XP
 D = Spawn monster count
 E = Non-spawn monster count
 F = Spawn count percentage of total count
 G = Total turns spent on level
                    A         B        C        D         E        F      G
               +---------+---------+-------+---------+---------+-------+---------
         Total |       0 |     133 |   0.0 |       0 |      33 |   0.0 |  1575
               +---------+---------+-------+---------+---------+-------+---------
           D:1 |       0 |      25 |   0.0 |       0 |      15 |   0.0 |   797
           D:2 |       0 |      59 |   0.0 |       0 |      15 |   0.0 |   736
           D:3 |       0 |      49 |   0.0 |       0 |       3 |   0.0 |    42
               +---------+---------+-------+---------+---------+-------+---------
